Map: Romanticide LE

Players

Astrea - Winner!

  • Race: Protoss Protoss
  • League: Master

PattyMac

  • Race: Protoss Protoss
  • League: Grandmaster

Event: DreamHack SC2 Masters 2021 Summer

VOD

Have the link to the VOD?

Description

Time

  • Played on: May 27, 2021, 7:16 p.m.
  • Length: 4:17

All games in this series

Show
View Real Time Build Order
Export as new Build Order

Astrea Protoss - Winner!

Build Orders:  

Get SALT Encoding   

  12  0:00  Probe  
  13  0:12  Probe  
  14  0:17  Pylon  
  14  0:24  Probe (Chrono Boost)  
  15  0:36  Probe (Chrono Boost), Gateway  
  16  0:44  Probe (Chrono Boost)  
  16  0:45  Assimilator  
  17  0:51  Probe  
  17  0:54  Assimilator  
  18  1:03  Probe (Chrono Boost)  
  19  1:09  Gateway  
  19  1:14  Probe (Chrono Boost)  
  20  1:18  Probe (Chrono Boost)  
  20  1:23  Cybernetics Core  
  21  1:29  Probe  
  22  1:34  Pylon  
  22  1:41  Probe  
  23  1:53  Probe  
  24  1:58  Warp Gate (Chrono Boost)  
  24  1:59  Stalker x2  
  28  2:05  Probe  
  29  2:12  Pylon  
  29  2:18  Probe  
  30  2:32  Stalker x2  
  34  2:41  Robotics Facility  
  35  3:02  Stalker  
  35  3:05  Shield Battery  
  38  3:09  Pylon  
  38  3:13  Sentry  
  38  3:25  Immortal (Chrono Boost)  
  38  3:26  Pylon  
  38  3:33  Pylon  
  44  4:04  Stalker x2  
Show
View Real Time Build Order
Export as new Build Order

PattyMac Protoss 

Build Orders:  

Get SALT Encoding   

  12  0:00  Probe  
  13  0:12  Probe  
  14  0:16  Pylon  
  14  0:24  Probe (Chrono Boost)  
  16  0:36  Probe (Chrono Boost)  
  16  0:37  Gateway  
  16  0:41  Probe (Chrono Boost)  
  16  0:46  Assimilator  
  17  0:51  Probe (Chrono Boost)  
  17  0:53  Assimilator  
  18  1:03  Probe (Chrono Boost)  
  19  1:07  Gateway  
  19  1:13  Probe (Chrono Boost)  
  19  1:18  Probe  
  20  1:24  Cybernetics Core  
  21  1:30  Probe  
  22  1:38  Pylon  
  22  1:42  Probe  
  23  2:00  Robotics Facility  
  23  2:01  Stalker  
  23  2:03  Stalker  
  27  2:09  Warp Gate  
  27  2:18  Pylon  
  27  2:32  Stalker  
  27  2:33  Stalker  
  30  2:45  Immortal (Chrono Boost)  
  30  2:50  Probe  
  35  3:09  Gateway  
  35  3:15  Warp Prism (Chrono Boost)  
  37  3:24  Pylon  
  37  3:38  Shield Battery  
  37  3:45  Observer  
  38  3:54  Pylon  
Tags
 
Add a new tag
Caveats
  • Supply blocks, unpowered buildings, or Contaminate may cause inaccurate times.
  • Supply counts are checked every 10 seconds.